 Dungeon Crawl Stone Soup version 0.25-a0-571-gb5e01bddfa (webtiles) character file.

Game seed: 794201331742560534, levelgen mode: deterministic

791 vurker the Gusty (level 7, -1/41 HPs)
             Began as a Tengu Air Elementalist on Feb 29, 2020.
             Shot with an arrow by a centaur (13 damage)
             ... on level 5 of the Dungeon.
             The game lasted 00:05:53 (5274 turns).

vurker the Gusty (Tengu Air Elementalist)           Turns: 5274, Time: 00:05:54

Health: -1/41      AC:  3    Str: 11    XL:     7   Next: 88%
Magic:  2/15       EV: 15    Int: 17    God:
Gold:   185        SH:  0    Dex: 14    Spells: 3/15 levels left

rFire    . . .     SeeInvis .   k - +2 short sword (venom)
rCold    . . .     Gourm    .   (no shield)
rNeg     . . .     Faith    .   a - +0 robe
rPois    .         Spirit   .   (helmet restricted)
rElec    .         Reflect  .   l - +0 cloak
rCorr    +         Harm     .   (no gloves)
MR       .....                  (boots unavailable)
Stlth    ++........             (no amulet)
HPRegen  0.13/turn              g - ring of resist corrosion
MPRegen  0.14/turn              r - +2 ring of strength

@: flying quickly and evasively, quick
A: beak, talons 3, able to fly
a: Stop Flying


You were on level 5 of the Dungeon.
You were not hungry.

You visited 1 branch of the dungeon, and saw 5 of its levels.

You collected 185 gold pieces.

Inventory:

Hand Weapons
 k - a +2 short sword of venom (weapon)
   (You took it off a kobold on level 1 of the Dungeon)
Armour
 a - a +0 robe (worn)
 l - a +0 cloak (worn)
   (You found it on level 2 of the Dungeon)
Jewellery
 g - a ring of resist corrosion (left hand)
   (You found it on level 2 of the Dungeon)
 r - a +2 ring of strength (right hand)
   (You found it on level 5 of the Dungeon)
 s - an uncursed ring of fire
   (You found it on level 5 of the Dungeon)
Scrolls
 b - 3 scrolls of teleportation {unknown}
 d - 2 scrolls of amnesia {unknown}
 f - a scroll of remove curse {unknown}
 i - 5 scrolls of identify {unknown}
 m - 2 scrolls of enchant weapon {unknown}
 p - a scroll of blinking {unknown}
 u - a scroll of immolation {unknown}
Potions
 c - a potion of invisibility {unknown}
 h - a potion of mutation {unknown}
 j - 4 potions of curing {unknown}
 n - 2 potions of flight {unknown}
 o - 2 potions of haste {unknown}
 q - a potion of stabbing {unknown}
 v - 2 potions of ambrosia {unknown}
Comestibles
 e - 8 rations


   Skills:
 + Level 3.1 Fighting
 - Level 2.1 Dodging
 - Level 2.0 Stealth
 * Level 4.9 Spellcasting
 + Level 4.5 Conjurations
 * Level 7.5 Air Magic


You had 3 spell levels left.
You knew the following spells:

 Your Spells              Type           Power        Failure   Level  Hunger
a - Shock                 Conj/Air       ###.         1%          1    None
b - Lightning Bolt        Conj/Air       ###.......   32%         5    ######.
c - Airstrike             Air            ####......   6%          4    ####...
w - Blink                 Tloc           N/A          22%         2    #......

Your spell library contained the following spells:

 Spells                   Type           Power        Failure   Level  Hunger
 Magic Dart               Conj           ###.         2%          1    None
 Static Discharge         Conj/Air       ###.....     3%          3    ###....
 Swiftness                Chrm/Air       ###.....     4%          2    #......
 Mephitic Cloud           Conj/Pois/Air  ###.....     9%          3    ###....
 Animate Skeleton         Necr           N/A          14%         1    None
 Apportation              Tloc           #.....       14%         1    None
 Corona                   Hex            #......      14%         1    None
 Summon Small Mammal      Summ           #...         14%         1    None
 Conjure Flame            Conj/Fire      ##......     17%         3    ###....
 Call Imp                 Summ           #.......     22%         2    #......
 Slow                     Hex            #.......     22%         2    #......


Dungeon Overview and Level Annotations

Branches:
Dungeon (5/15)
 Temple: D:4-7

Altars:
Ashenzari
Elyvilon
Gozag
Ru
Uskayaw
Xom


Innate Abilities, Weirdness & Mutations

You have a beak for a mouth.
You have claws for feet.
You can fly continuously.


Message History

You fly downwards.
There is a stone staircase leading up here.
Found a flail.
Found a hide-covered altar of Uskayaw.
Found a stone staircase leading down and a stone staircase leading up.
You see here a howler monkey corpse.
You butcher the howler monkey corpse.
t - 3 chunks of flesh You see here a howler monkey skeleton. x2
Found a ration.
u - a scroll labeled BOOPNU VURI
v - 2 green potions;
j - 4 emerald potions (gained 1)
You see here a flail.
e - 8 rations (gained 1) Eating one of 3 chunks of flesh.
You eat one of the 3 chunks of flesh.
All of the chunks of flesh in your inventory have rotted away.
Found a whip.
You see here a whip. 2 centaurs come into view.
Found an opulent altar of Gozag.
Aim: a centaur, quivering 17 arrows (hasn't noticed you)
The zap misses the centaur.
The centaur shouts!
The centaur wields a +0 shortbow.
The centaur shoots an arrow.
The arrow hits you!
Aim: a centaur, wielding a +0 shortbow and quivering 16 arrows The zap hits the centaur!
The centaur shouts!
The centaur shoots an arrow.
The arrow completely misses you.
The centaur wields a +0 shortbow.
The centaur shoots an arrow.
The arrow barely misses you.
You see here an arrow.
The centaur shoots an arrow.
The arrow hits you!
* * * LOW HITPOINT WARNING * * *
The centaur shoots an arrow.
The arrow barely misses you.
The centaur unwields a +0 shortbow.
The centaur hits you.
* * * LOW HITPOINT WARNING * * *
You see here an arrow.
Aim: a centaur, quivering 26 arrows The air twists around and strikes the centaur!
The centaur barely misses you.
The centaur hits you but does no damage.
Aim: a centaur, quivering 26 arrows (heavily wounded)
The air twists around and strikes the centaur.
The centaur hits you.
* * * LOW HITPOINT WARNING * * *
Aim: a centaur, quivering 26 arrows (almost dead)
The air twists around and strikes the centaur!
You kill the centaur!
The centaur shoots an arrow.
The arrow hits you!
You die...

#<.#_).....#
#..#^.....##
#.........#
####.........#
#......8.8.8.#
####.#.......#
#.#########
#.# #######
#.####(.@).#
#..)..(###c#
######## ...
..8.# ....#
_..... c...#..
..8.##.


You could see a centaur.

Vanquished Creatures
  A phantom (D:5)
  An ice beast (D:5)
  An ogre (D:4)
  A centaur (D:5)
  A howler monkey (D:5)
  2 crimson imps (D:5)
  A jelly (D:5)
  A hound (D:4)
  An orc priest (D:3)
  An orc wizard (D:4)
  A bullfrog skeleton (D:5)
  An iguana (D:4)
  2 worker ants (D:4)
  A howler monkey skeleton (D:5)
  3 adders
  3 worms
  A dart slug (D:4)
  3 leopard geckos
  11 orcs
  6 giant cockroaches
  4 goblins
  5 hobgoblins
  2 jackals (D:5)
  6 kobolds
  A quokka (D:4)
  A ball python (D:1)
  5 bats
  6 frilled lizards
  A jackal skeleton (D:4)
  A jackal zombie (D:5)
  11 rats
86 creatures vanquished.

Notes
Turn   | Place    | Note
-------+----------+-------------------------------------------
     0 | D:1      | vurker the Tengu Air Elementalist began the quest for the
                  | Orb.
     0 | D:1      | Reached XP level 1. HP: 10/10 MP: 4/4
   232 | D:1      | Reached XP level 2. HP: 15/15 MP: 4/6
   470 | D:1      | You fall into a shaft and drop 1 floor!
   584 | D:2      | Found a shimmering altar of Xom.
   658 | D:2      | Reached XP level 3. HP: 20/20 MP: 5/7
  1171 | D:2      | Found a shattered altar of Ashenzari.
  1205 | D:2      | Found a sacrificial altar of Ru.
  1287 | D:2      | Reached skill level 1 in Fighting
  1686 | D:3      | Found a white marble altar of Elyvilon.
  1711 | D:3      | Reached skill level 5 in Air Magic
  1711 | D:3      | Reached XP level 4. HP: 25/25 MP: 1/9
  2981 | D:4      | Gained mutation: You can fly continuously. [Tengu growth]
  2981 | D:4      | Reached XP level 5. HP: 29/29 MP: 7/10
  3501 | D:4      | Noticed an ogre
  3516 | D:4      | Killed an ogre
  3516 | D:4      | Reached skill level 6 in Air Magic
  3516 | D:4      | Reached XP level 6. HP: 29/35 MP: 6/12
  4630 | D:5      | Entered Level 5 of the Dungeon
  4637 | D:5      | Learned a level 5 spell: Lightning Bolt
  4642 | D:5      | Learned a level 4 spell: Airstrike
  4645 | D:5      | Learned a level 2 spell: Blink
  4656 | D:5      | Noticed a phantom
  4673 | D:5      | Killed a phantom
  4673 | D:5      | Reached XP level 7. HP: 32/40 MP: 3/14
  5005 | D:5      | Reached skill level 7 in Air Magic
  5234 | D:5      | Found a hide-covered altar of Uskayaw.
  5262 | D:5      | Found an opulent altar of Gozag.
  5274 | D:5      | Shot with an arrow by a centaur

Levels and vault maps discovered:
D:1:      minmay_arrival_cross, layout_basic, serial_bayou_ford_a
D:2:      layout_rooms, nicolae_ru_the_path_less_chosen,
          ashenzari_conservatory_becter, lemuel_round_altar, eino_tiny_chamber
D:3:      layout_loops_corners, elyvilon_altar_3
D:4:      layout_basic
D:5:      kennysheep_steamy, layout_loops_ring, grunt_gozag_statues,
          eat_drink_and_be_merry_uskayaw, first_ration

Skill      XL: |  1  2  3  4  5  6  7 |
---------------+----------------------+-----
Conjurations   | 2 3 4 |  4.5
Fighting       | 1 2 3 |  3.1
Spellcasting   | 3 4 |  4.9
Air Magic      | 5 6 7 |  7.5
Dodging        | |  2.1
Stealth        | |  2.0

Action                   |  1- 3 |  4- 6 |  7- 9 || total
-------------------------+-------+-------+-------++-------
Melee: Short sword       |     4 |    12 |    12 ||    28
       Kick              |     2 |     3 |     4 ||     9
       Peck              |       |       |     3 ||     3
 Cast: Shock             |    75 |    92 |    40 ||   207
       Airstrike         |       |       |     3 ||     3
 Abil: Fly               |       |     1 |       ||     1
  Eat: Chunk             |     3 |     4 |     4 ||    11
       Ration            |       |     1 |       ||     1
Armor: Robe              |     3 |     5 |     2 ||    10
Dodge: Dodged            |     2 |    23 |    18 ||    43

Table legend:
 A = Non-vault XP
 B = Vault XP
 C = Vault XP percentage of total XP
 D = Non-vault monster count
 E = Vault monster count
 F = Vault count percentage of total count
                 A         B        C        D         E       F
            +---------+---------+-------+---------+---------+-------
      Total |    1131 |       0 |   0.0 |      86 |       0 |   0.0
            +---------+---------+-------+---------+---------+-------
        D:1 |      29 |       0 |   0.0 |      18 |       0 |   0.0
        D:2 |      43 |       0 |   0.0 |      19 |       0 |   0.0
        D:3 |      91 |       0 |   0.0 |      18 |       0 |   0.0
        D:4 |     335 |       0 |   0.0 |      15 |       0 |   0.0
        D:5 |     633 |       0 |   0.0 |      16 |       0 |   0.0
            +---------+---------+-------+---------+---------+-------
